 Dungeon Crawl Stone Soup version 0.24.0-41-g2ae2f7f1be (console) character file.

Game seed: 352427734331107909, levelgen mode: deterministic

6468 Kagalorn the Arsonist (level 10, -2/81 HPs)
             Began as a Green Draconian Fire Elementalist on Dec 13, 2019.
             Was an Elder of Sif Muna.
             Slain by a wolf (7 damage)
             ... on level 9 of the Dungeon.
             The game lasted 00:36:48 (10066 turns).

Kagalorn the Arsonist (DrFE)                       Turns: 10066, Time: 00:36:49

Health: -2/81      AC: 11    Str: 10    XL:     10   Next: 68%
Magic:  9/17       EV: 12    Int: 19    God:    Sif Muna [****..]
Gold:   610        SH:  0    Dex: 12    Spells: 11/19 levels left

rFire    . . .     SeeInvis +   l - +1 spear (venom)
rCold    . . .     Gourm    .   (no shield)
rNeg     . . .     Faith    .   (armour unavailable)
rPois    +         Spirit   .   s - +2 hat
rElec    .         Reflect  .   (no cloak)
rCorr    .         Harm     .   (no gloves)
MR       .....                  k - +1 pair of boots
Stlth    ++........             G - amulet of magic regeneration
HPRegen  0.23/turn              p - ring of see invisible
MPRegen  0.40/turn              (no ring)

@: no status effects
A: breathe noxious fumes, unfitting armour, poison resistance, cold-blooded, AC
+7
a: Breathe Noxious Fumes, Channel Magic, Forget Spell, Divine Exegesis, Renounce
Religion


You were on level 9 of the Dungeon.
You worshipped Sif Muna.
Sif Muna was greatly pleased with you.
You were not hungry.

You visited 2 branches of the dungeon, and saw 11 of its levels.
You also visited: Sewer.

You collected 610 gold pieces.

Inventory:

Hand Weapons
 l - a +1 spear of venom (weapon)
Missiles
 g - 111 sling bullets
 j - 257 stones
 t - 14 poisoned darts (quivered)
 u - 7 javelins
 y - 52 bolts
 F - a throwing net
Armour
 k - a +1 pair of boots (worn)
 s - a +2 hat (worn)
 w - a +0 shield
 C - a +2 large shield of fire resistance
Magical Staves
 E - an uncursed staff of air
Jewellery
 p - a ring of see invisible (left hand)
 G - an amulet of magic regeneration (around neck)
Wands
 e - a wand of paralysis (7)
 z - a wand of iceblast (10)
 D - a wand of digging (14)
Scrolls
 a - a scroll of enchant weapon
 c - 3 scrolls of enchant armour
 d - 4 scrolls of fog {unknown}
 m - 7 scrolls of teleportation {unknown}
 q - 4 scrolls of remove curse
 v - 2 scrolls of amnesia
 x - 4 scrolls of blinking
 A - 2 scrolls of magic mapping
 B - 2 scrolls of fear
 H - a scroll of holy word {unknown}
Potions
 f - a potion of flight
 h - 10 potions of curing
 i - 3 potions of cancellation
 n - 3 potions of heal wounds
 o - 4 potions of agility
 r - 2 potions of lignification
Comestibles
 b - 16 rations


   Skills:
 - Level 5.0 Fighting
 - Level 1.7 Dodging
 - Level 1.7 Stealth
 * Level 7.0 Shields
 - Level 5.0 Spellcasting
 * Level 6.9 Conjurations
 * Level 8.8 Fire Magic
 * Level 7.8 Invocations


You had 11 spell levels left.
You knew the following spells:

 Your Spells              Type           Power        Failure   Level  Hunger
a - Flame Tongue          Conj/Fire      ####.        1%          1    None
b - Sticky Flame          Conj/Fire      ####....     4%          4    ####...
c - Conjure Flame         Conj/Fire      ####....     1%          3    ##.....

Your spell library contained the following spells:

 Spells                   Type           Power        Failure   Level  Hunger
 Throw Flame              Conj/Fire      ####..       1%          2    #......
 Inner Flame              Hex/Fire       ###.....     6%          3    ##.....
 Fireball                 Conj/Fire      ####......   14%         5    ######.


Dungeon Overview and Level Annotations

Branches:
Dungeon (10/15)            Temple (1/1) D:5             Orc (0/2) D:9
  Sewer (visited)
   Lair: D:8-11

Altars:
Ashenzari
Cheibriados
Dithmenos
Elyvilon
Fedhas
Gozag
Hepliaklqana
Kikubaaqudgha
Makhleb
Nemelex Xobeh
Okawaru
Qazlal
Ru
Sif Muna
Trog
Uskayaw
Vehumet
Wu Jian
Xom
Yredelemnul
Zin
The Shining One

Shops:
D:5 (

Annotations:
D:4 2 transporters


Innate Abilities, Weirdness & Mutations

You can breathe blasts of noxious fumes.
Your lurid green scales are hard. (AC +7)
You cannot fit into any form of body armour.
Your system is resistant to poisons. (rPois)
You are cold-blooded and may be slowed by cold attacks.


Message History

A +0 robe.
There is something else lying underneath.
The floor.
Casting: Sticky Flame (safe; 4% risk of failure)
Confirm with . or Enter, or press ? or * to list all spells.
Aiming: Sticky Flame (safe; 4% risk of failure)
Press: ? - help, Shift-Dir - straight line, f - you, p - wolf That beam is likely to hit you.
Continue anyway?
Okay, then.
Casting: Sticky Flame (safe; 4% risk of failure)
Confirm with . or Enter, or press ? or * to list all spells.
Aiming: Sticky Flame (safe; 4% risk of failure)
Press: ? - help, Shift-Dir - straight line, f - wolf
Aim: a wolf The sticky flame hits the wolf.
The wolf is moderately wounded.
The wolf is covered in liquid flames!
The wolf burns! x2; The wolf bites you!
* * * LOW HITPOINT WARNING * * *
The wolf bites you!
You die...

#.#......<.....###.###
#<#..#########.# #.#
#.#..#### #.# #.#
#.#..##># ##.###.#
#.#..##.#####...##.#
#.#..##............#
#.........###...####
###..###### ##h## #..#
#@# ####..#########h#
#...............#
#.##.##.#######.#
#.##[.......†...#
#.#####.######### #.#
#.# ##.#####.#
.........#


You could see 2 wolves.

Vanquished Creatures
  Nergalle (D:9)
  A gargoyle (D:9)
  A hornet (D:8)
  Grinder (D:6)
  3 hippogriffs
  2 vampire mosquitoes
  A hornet zombie (D:8)
  2 porcupines (D:10)
  2 orc warriors
  A necrophage (D:7)
  2 ice beasts
  A sky beast (D:9)
  A phantom (D:7)
  2 ogres
  A wolf (D:10)
  Blork the orc (D:5)
  A big kobold (D:7)
  6 bullfrogs
  4 scorpions
  14 killer bees
  4 wights (D:10)
  2 howler monkeys
  A bullfrog zombie (D:8)
  5 hounds
  5 jellies
  6 orc wizards
  3 bullfrog skeletons
  3 centaur skeletons
  4 orc priests
  2 iguanas
  6 worker ants
  A killer bee zombie (D:7)
  A hound skeleton (D:6)
  A hound zombie (D:7)
  A worker ant zombie (D:8)
  8 gnolls
  15 adders
  A river rat (D:4)
  12 oozes
  An adder zombie (D:9)
  An adder skeleton (D:6)
  3 worms
  5 leopard geckos
  28 orcs
  4 ball pythons
  12 giant cockroaches
  14 goblins
  6 hobgoblins
  14 jackals
  A quokka (D:3)
  4 frilled lizards
  19 kobolds
  A leopard gecko skeleton (D:5)
  A leopard gecko zombie (D:5)
  A quokka skeleton (D:4)
  A quokka zombie (D:5)
  10 rats
255 creatures vanquished.

Vanquished Creatures (others)
  A goblin (D:4)
  A bush (D:10)
  2 fungi
  A plant (D:10)
  10 toadstools (D:3)
15 creatures vanquished.

Grand Total: 270 creatures vanquished

Notes
Turn   | Place    | Note
-------+----------+-------------------------------------------
     0 | D:1      | Kagalorn the Draconian Fire Elementalist began the quest
                  | for the Orb.
     0 | D:1      | Reached XP level 1. HP: 14/14 MP: 3/3
   421 | D:1      | Reached XP level 2. HP: 18/20 MP: 3/5
   772 | D:1      | Reached XP level 3. HP: 26/27 MP: 2/6
  1478 | D:2      | Found a burning altar of Makhleb.
  1488 | D:2      | Reached skill level 1 in Fighting
  1488 | D:2      | Reached skill level 4 in Fire Magic
  1488 | D:2      | Reached XP level 4. HP: 28/35 MP: 0/8
  1766 | D:2      | Found a glowing golden altar of the Shining One.
  1920 | D:3      | Learned a level 3 spell: Conjure Flame
  1925 | D:3      | Learned a level 4 spell: Sticky Flame
  2109 | D:3      | Reached XP level 5. HP: 34/40 MP: 2/9
  2792 | D:3      | Found a sparkling altar of Nemelex Xobeh.
  2793 | D:3      | Found a shimmering blue altar of Sif Muna.
  2798 | D:3      | Became a worshipper of Sif Muna the Loreminder
  3004 | D:3      | Reached XP level 6. HP: 45/48 MP: 0/11
  3438 | D:4      | Noticed an ice beast
  3447 | D:4      | Killed an ice beast
  3447 | D:4      | Reached skill level 5 in Fire Magic
  3595 | D:4      | Found a glowing drain.
  3613 | Sewer    | Entered a sewer
  3622 | Sewer    | Reached * piety under Sif Muna
  3890 | Sewer    | Your scales start taking on a lurid green colour.
  3890 | Sewer    | Reached XP level 7. HP: 43/56 MP: 10/13
  3890 | Sewer    | Gained mutation: Your system is resistant to poisons.
                  | (rPois) [Green Draconian growth]
  4183 | D:4      | Found a transporter.
  4284 | D:4      | Found a bloodstained altar of Trog.
  4633 | D:4      | Found a transporter.
  4784 | D:5      | Entered Level 5 of the Dungeon
  4799 | D:5      | Found a basalt altar of Yredelemnul.
  4809 | D:5      | Found a basalt altar of Yredelemnul.
  4876 | D:5      | Found a staircase to the Ecumenical Temple.
  4886 | Temple   | Entered the Ecumenical Temple
  5197 | D:5      | Found an opulent altar of Gozag.
  5290 | D:5      | Noticed Blork the orc
  5310 | D:5      | Killed Blork the orc
  5310 | D:5      | Reached skill level 5 in Spellcasting
  5369 | D:5      | Found Goxkogem's Antique Weapon Boutique.
  5529 | D:6      | Reached skill level 6 in Fire Magic
  5529 | D:6      | Reached XP level 8. HP: 53/63 MP: 11/15
  5566 | D:6      | Reached ** piety under Sif Muna
  5609 | D:6      | Noticed Grinder
  5616 | D:6      | Paralysed by Grinder for 4 turns
  5623 | D:6      | Killed Grinder
  5623 | D:6      | Reached skill level 5 in Conjurations
  5876 | D:6      | Reached skill level 7 in Fire Magic
  6409 | D:7      | Noticed a hippogriff
  6417 | D:7      | Killed a hippogriff
  6466 | D:7      | Reached skill level 8 in Fire Magic
  6593 | D:7      | Reached skill level 5 in Fighting
  6635 | D:7      | Reached skill level 1 in Invocations
  6635 | D:7      | Reached XP level 9. HP: 59/74 MP: 11/16
  6659 | D:7      | Reached skill level 1 in Shields
  7028 | D:7      | Found a shimmering altar of Xom.
  7185 | D:8      | Reached *** piety under Sif Muna
  7808 | D:8      | Reached skill level 5 in Invocations
  7951 | D:8      | Reached skill level 5 in Shields
  8022 | D:8      | Found an ornate altar of the Wu Jian Council.
  8412 | D:8      | Reached XP level 10. HP: 79/81 MP: 8/17
  8793 | D:9      | Found a hide-covered altar of Uskayaw.
  8939 | D:9      | Found a staircase to the Orcish Mines.
  9003 | D:9      | Reached **** piety under Sif Muna
  9097 | D:9      | Noticed a gargoyle
  9376 | D:9      | Killed a gargoyle
  9642 | D:10     | Entered Level 10 of the Dungeon
  9642 | D:10     | Noticed Nergalle
  9665 | D:9      | Killed Nergalle
 10066 | D:9      | Slain by a wolf

Levels and vault maps discovered:
D:1:      lightli_molten_gateway, layout_basic, glass_columns_a,
          corexii_hall_statues_x, minmay_fountain_box, minmay_misc_feat_alley,
          serial_bayou_pond_d, corexii_corridor_pit
D:2:      layout_rooms, makhleb_heckhound_becter, nicolae_tso_carved_into_rock
D:3:      cheibrodos_fertilizer, layout_basic, gammafunk_temple_overflow_statue,
          first_ration
D:4:      gammafunk_wand_slinger, layout_basic, kennysheep_mini,
          gup_sewer_entry_bubbles, minmay_ogre_servants
D:5:      layout_cave_pools, nicolae_overflow_crystal_walls,
          overflow_temple_1_default, minmay_temple_entry_mini_moons,
          serial_column_ruins, column_ruins_temple_hall, column_ruins_hut,
          column_ruins_open_tiny, column_ruins_corridor_dead_end,
          column_ruins_columns_straight, column_ruins_open_tiny,
          column_ruins_open_tiny, column_ruins_open_medium, serial_shops,
          nicolae_shop_temple_entry_statues_fountains, uniq_blork_the_orc
D:6:      layout_rooms, minivault_19, grunt_ministairs_7, uniq_grinder
D:7:      layout_basic, marbit_many_paths, minmay_misc_feat_chi
D:8:      layout_basic, overflow_temple_1_default,
          hangedman_little_slice_of_home, minmay_microvault
D:9:      layout_loops_ring, lemuel_round_altar, orc_0_dummy,
          minmay_misc_feat_cross, kennysheep_potato
D:10:     cheibrodos_wizards_tower, layout_cave_pods, minmay_lair_entry_grove,
          uniq_nergalle, uniq_josephine, uniq_psyche
Temple:   minmay_temple_bridge_abc

Skill      XL: |  1  2  3  4  5  6  7  8  9 10 |
---------------+-------------------------------+-----
Fighting       | 1 2 3 5 |  5.0
Fire Magic     | 4 5 6 8 |  8.8
Conjurations   | 2 3 4 5 6 |  6.9
Spellcasting   | 3 4 5 |  5.0
Invocations    | 1 6 7 |  7.8
Shields        | 5 7 |  7.0
Dodging        | |  1.7
Stealth        | |  1.7

Action                   |  1- 3 |  4- 6 |  7- 9 | 10-12 || total
-------------------------+-------+-------+-------+-------++-------
Melee: Short sword       |    23 |   143 |     9 |       ||   175
       Tailslap          |     2 |    14 |    15 |     2 ||    33
       Spear             |       |       |   146 |     7 ||   153
Throw: Dart              |       |       |    25 |    61 ||    86
 Cast: Flame Tongue      |    46 |   126 |   237 |    98 ||   507
       Conjure Flame     |       |     1 |     6 |    10 ||    17
       Sticky Flame      |       |       |     6 |     7 ||    13
Evoke: Wand              |       |       |       |     1 ||     1
  Use: Scroll            |       |     1 |    11 |     2 ||    14
       Potion            |       |     1 |       |     1 ||     2
 Stab: Sleeping          |       |     1 |     3 |       ||     4
  Eat: Chunk             |     2 |     8 |     8 |     1 ||    19
       Ration            |       |       |     2 |     2 ||     4
Armor: Skin              |    14 |   105 |   139 |    41 ||   299
Dodge: Dodged            |    23 |   168 |   256 |    90 ||   537
